 Dungeon Crawl Stone Soup version 0.31-a0-267-g3fc6992b3b (webtiles) character file.

Game seed: 3275869419814982020

121 qw the Shooter (level 4, -5/37 HPs)
             Began as a Minotaur Hexslinger on July 14, 2023.
             Killed by divine providence
             ... invoked by an orc priest
              (12 damage)
             ... on level 3 of the Dungeon.
             The game lasted 00:00:37 (1926 turns).

qw the Shooter (Minotaur Hexslinger)                Turns: 1926, Time: 00:00:38

Health: -5/37      AC:  9    Str: 12    XL:     4   Next: 77%
Magic:  4/4        EV: 11    Int: 10    God:
Gold:   95         SH:  0    Dex: 15    Spells: 4/5 levels left

rFire   . . .        Y - +3 sling
rCold   . . .        (no shield)
rNeg    . . .        f - +0 ring mail
rPois   .            (helmet restricted)
rElec   .            (no cloak)
rCorr   .            (no gloves)
SInv    .            (no boots)
Will    .....        (no amulet)
Stlth   +            e - +4 ring of protection
HPRegen 0.26/turn    (no ring)
MPRegen 0.09/turn

%: no passive effects
@: no status effects
A: horns 2, retaliatory headbutt
a: no special abilities


You were on level 3 of the Dungeon.
You visited 1 branch of the dungeon, and saw 3 of its levels.

You collected 143 gold pieces.
You spent 48 gold pieces at shops.


Innate Abilities, Weirdness & Mutations

You have a pair of horns on your head.
You reflexively headbutt those who attack you in melee.


   Skills:
 + Level 2.4 Fighting
 - Level 5.0 Ranged Weapons
 - Level 1.2 Armour
 - Level 2.1 Dodging
 - Level 1.0 Spellcasting
 - Level 2.0 Hexes


You had 4 spell levels left.
You knew the following spells:

 Your Spells              Type           Power      Damage    Failure   Level
a - Slow                  Hex            16%        N/A       34%         1

Your spell library contained the following spells:

 Spells                   Type           Power      Damage    Failure   Level
 Inner Flame              Hex/Fire       2%         N/A       83%         3
 Portal Projectile        Hex/Tloc       4%         N/A       83%         3
 Cause Fear               Hex            2%         N/A       98%         4

Inventory:

Hand Weapons
 Y - a +3 sling (weapon)
Armour
 f - a +0 ring mail (worn)
Jewellery
 c - an amulet of regeneration
 e - a +4 ring of protection (left hand)
 j - an amulet of magic regeneration
Scrolls
 a - 2 scrolls of teleportation
 b - 7 scrolls of identify
 d - 3 scrolls of immolation {unknown}
 i - a scroll of amnesia {unknown}
Potions
 g - 3 potions of heal wounds
 h - a potion of invisibility {unknown}

Dungeon Overview and Level Annotations

Branches:
Dungeon (3/15)

Altars:

Shops:
D:1 ?!*


Message History

You kill the orc!
There is a faded altar of an unknown god here.
Things that are here:
a +0 mace; a +0 scale mail An orc wizard, 2 orcs and an orc priest come into view.
Found a stone staircase leading up.
The orc wizard shouts!
The orc shouts!
The orc priest shouts!
Enter note:
Enter note:
Enter note:
1919 ||| Stepping ~*~*~tactically~*~*~ (outnumbered).
You shoot a sling bullet. The sling bullet barely misses the orc.
The orc closely misses you. You furiously retaliate!
You headbutt the orc. You shoot a sling bullet.
The sling bullet completely misses the orc.
You shoot a sling bullet.
The sling bullet closely misses the orc.
The orc hits you with a +0 falchion.
The orc wizard hits you with a +0 dagger.
The orc priest hits you but does no damage.
You shoot a sling bullet. The sling bullet hits the orc.
You kill the orc!
The orc wizard closely misses you. You furiously retaliate!
You headbutt the orc wizard. The orc priest completely misses you.
The orc wizard gestures at you while chanting.
You resist with some effort. The orc priest misses you.
You shoot a sling bullet. The sling bullet hits the orc wizard!
The orc wizard is severely wounded.
The orc wizard hits you but does no damage.
The orc priest hits you from afar with a +0 trident!
You shoot a sling bullet. The sling bullet hits the orc wizard.
The orc wizard is almost dead.
The orc wizard hits you but does no damage.
The orc priest calls down the wrath of Beogh upon you.
Beogh smites you!
The orc wizard points at you and mumbles some strange words.
The puff of flame hits you.
The orc priest invokes the aid of Beogh against you.
Beogh smites you!
You die...

#.######.#
.........#
#.################
#.# #.........#
#[# #.#######.#
#.# #.# #_# #.#
#.# #)# #.# #.#
#.# #.# #.# #@#
#.# #.# #)ooo.<#
#.#
#.##############
#.# #..........#
#.# ##########.#
#.# #.# #)# #.#
#.# #%# #.# #.#


You could see an orc priest, an orc wizard and an orc.

Vanquished Creatures
  4 gnolls (D:2)
  3 adders
  A worm (D:2)
  A dart slug (D:3)
  2 orcs (D:3)
  4 ball pythons
  4 endoplasms
  4 goblins
  3 hobgoblins
  4 jackals (D:2)
  4 quokkas
  6 bats
  A frilled lizard (D:1)
  3 kobolds
  4 rats
48 creatures vanquished.

Notes
Turn   | Place    | Note
-------+----------+-------------------------------------------
     0 | D:1      | qw the Minotaur Hexslinger began the quest for the Orb.
     0 | D:1      | Reached XP level 1. HP: 16/16 MP: 1/1
     0 | D:1      | 0 ||| qw: Version: 0.3-a-52-g30416fa
     0 | D:1      | 0 ||| qw: Game counter: 7831
     0 | D:1      | 0 ||| qw: Melee chars always use a shield: true
     0 | D:1      | 0 ||| qw: God list: Okawaru
     0 | D:1      | 0 ||| qw: Allow faded altars: false
     0 | D:1      | 0 ||| qw: Do Orc after clearing Dungeon:15 true
     0 | D:1      | 0 ||| qw: Do second Lair branch before Depths: true
     0 | D:1      | 0 ||| qw: Lair rune preference: random
     0 | D:1      | 0 ||| qw: Goals: Normal
     0 | D:1      | 0 ||| PLANNING D:1-11
     1 | D:1      | Noticed an electric eel
     3 | D:1      | 3 ||| DROPPING scroll of poison.
    38 | D:1      | Found Laq Teg's General Store.
    50 | D:1      | 50 ||| SHOPLISTING potion of heal wounds (70 gold, have 0).
    50 | D:1      | 50 ||| SHOPLISTING potion of mutation (112 gold, have 0).
    50 | D:1      | Found Afixat's Distillery.
    60 | D:1      | 60 ||| SHOPLISTING potion of haste (140 gold, have 12).
    60 | D:1      | 60 ||| SHOPLISTING potion of heal wounds (70 gold, have
                  | 12).
    60 | D:1      | 60 ||| SHOPLISTING potion of might (56 gold, have 12).
    60 | D:1      | 60 ||| SHOPLISTING potion of resistance (140 gold, have
                  | 12).
   190 | D:1      | Reached skill level 3 in Ranged Weapons
   199 | D:1      | Reached XP level 2. HP: 23/23 MP: 2/2
   365 | D:1      | Found Gipext's Magic Scroll Boutique.
   373 | D:1      | 373 ||| BUYING 2 scrolls of identify (48 gold).
   373 | D:1      | Bought 2 scrolls of identify for 48 gold pieces
   423 | D:1      | 423 ||| UPGRADING to +4 ring of protection.
   424 | D:1      | 424 ||| READING scroll labelled ZIEFO NIWIR.
   428 | D:1      | 428 ||| READING scroll labelled GIESSE GOAGI.
   429 | D:1      | 429 ||| READING 5 scrolls of identify.
   429 | D:1      | 429 ||| IDENTIFYING viscous coppery potion
   536 | D:2      | Reached XP level 3. HP: 29/29 MP: 3/3
   551 | D:2      | Reached skill level 4 in Ranged Weapons
   561 | D:2      | Reached XP level 4. HP: 25/36 MP: 4/4
   899 | D:2      | 899 ||| READING scroll of enchant weapon.
   899 | D:2      | 899 ||| ENCHANTING +2 sling.
  1295 | D:2      | 1295 ||| UPGRADING to +0 ring mail.
  1305 | D:2      | 1305 ||| DROPPING +0 robe.
  1306 | D:2      | 1306 ||| READING scroll labelled WIM KUPHOMET GIMI.
  1369 | D:2      | 1369 ||| DRINKING 2 glowing ruby potions.
  1370 | D:2      | 1370 ||| DRINKING 2 fizzy cyan potions.
  1371 | D:2      | 1371 ||| DROPPING potion of attraction.
  1372 | D:2      | 1372 ||| DROPPING potion of magic.
  1698 | D:3      | Reached skill level 1 in Armour
  1786 | D:3      | Reached skill level 5 in Ranged Weapons
  1909 | D:3      | Found a faded altar of an unknown god.
  1919 | D:3      | 1919 ||| Stepping ~*~*~tactically~*~*~ (outnumbered).
  1926 | D:3      | HP: 7/37 [orc wizard/puff of flame (5)]
  1926 | D:3      | Killed from afar by an orc priest

Levels and vault maps discovered:
D:1:      arrival_aquarium_a, layout_rooms, serial_shops, shop, shop, shop,
          chequers_arboretum, chequers_jeans, serial_bayou_pond_d
D:2:      layout_basic
D:3:      layout_basic, basic_ecumenical_altar

Skill      XL: |  1  2  3  4 |
---------------+-------------+-----
Ranged Weapons | 3 4 5 |  5.0
Fighting       | 2 |  2.4
Armour         | 1 |  1.2
Dodging        | |  2.1
Spellcasting   | |  1.0
Hexes          | |  2.0

Action                     |  1- 3 |  4- 6 || total
---------------------------+-------+-------++-------
   Fire: Sling             |    65 |    57 ||   122
    Use: Scroll            |     3 |     2 ||     5
         Potion            |       |     2 ||     2
 Armour: Robe              |     1 |     3 ||     4
         Ring mail         |       |     4 ||     4
  Dodge: Dodged            |    15 |     9 ||    24

Table legend:
 A = Non-vault XP
 B = Vault XP
 C = Vault XP percentage of total XP
 D = Non-vault monster count
 E = Vault monster count
 F = Vault count percentage of total count
                 A         B        C        D         E       F
            +---------+---------+-------+---------+---------+-------
      Total |     174 |       0 |   0.0 |      48 |       0 |   0.0
            +---------+---------+-------+---------+---------+-------
        D:1 |      22 |       0 |   0.0 |      14 |       0 |   0.0
        D:2 |     109 |       0 |   0.0 |      19 |       0 |   0.0
        D:3 |      43 |       0 |   0.0 |      15 |       0 |   0.0
            +---------+---------+-------+---------+---------+-------
